 Dungeon Crawl Stone Soup version 0.29.1-15-g9cfb28693d (webtiles) character file.

Game seed: 16985804304226304542

1344 Greenlander the Sneak (level 8, -5/61 (63) HPs)
             Began as a Red Draconian Enchanter on Mar 23, 2023.
             Slain by a wight
             ... wielding a +2 spear of freezing
              (9 damage)
             ... on level 7 of the Dungeon.
             The game lasted 00:15:24 (2851 turns).

Greenlander the Sneak (Red Draconian Enchanter)     Turns: 2851, Time: 00:15:25

HP:   -5/61 (63)    AC:  6    Str: 11    XL:     8   Next: 36%
MP:   10/14         EV: 12    Int: 17    God:
Gold: 52            SH:  0    Dex: 12    Spells: 7/15 levels left

rFire   + . .      SeeInvis .   e - +0 dagger (distort)
rCold   . . .      Faith    .   (no shield)
rNeg    . . .      Spirit   .   (body armour unavailable)
rPois   .          Reflect  .   (helmet restricted)
rElec   .          Harm     .   (no cloak)
rCorr   .          Rampage  .   (no gloves)
Will    .....                   (no boots)
Stlth   +++.......              m - amulet of the acrobat
HPRegen 0.20/turn               (no ring)
MPRegen 0.14/turn               (no ring)

@: short of breath, hasted, lightly drained, very quick
A: breathe fire, AC +6, unfitting armour, fire resistance 1, cold-blooded
a: Breathe Fire


You were on level 7 of the Dungeon.
You visited 1 branch of the dungeon, and saw 7 of its levels.
You also visited: Sewer.

You collected 52 gold pieces.

Inventory:

Hand Weapons
 a - a +1 dagger
 c - a +2 short sword of venom
 e - a +0 dagger of distortion (weapon)
Jewellery
 m - an amulet of the acrobat (around neck)
Scrolls
 d - a scroll of enchant armour
 g - a scroll of fear {unknown}
Potions
 b - a potion of haste
 f - a potion of magic {unknown}
 h - a potion of resistance {unknown}
 i - 2 potions of invisibility
 j - a potion of experience {unknown}
 k - a potion of cancellation {unknown}
 l - a potion of berserk rage {unknown}


   Skills:
 * Level 3.1 Fighting
 * Level 3.4 Short Blades
 * Level 3.2 Dodging
 * Level 5.1 Stealth
 * Level 4.0 Spellcasting
 * Level 4.4 Hexes
 * Level 2.0 Necromancy
 * Level 2.1 Ice Magic
 * Level 2.6 Evocations


You had 7 spell levels left.
You knew the following spells:

 Your Spells              Type           Power      Damage    Failure   Level
a - Ensorcelled Hibernat  Hex/Ice        28%        N/A       6%          2
b - Tukima's Dance        Hex            18%        N/A       8%          3
c - Vampiric Draining     Necr           10%        2d6       21%         3

Your spell library contained the following spells:

 Spells                   Type           Power      Damage    Failure   Level
 Slow                     Hex            72%        N/A       2%          1
 Confusing Touch          Hex            18%        N/A       8%          3
 Dazzling Flash           Conj/Hex       20%        N/A       19%         3


Dungeon Overview and Level Annotations

Branches:
Dungeon (7/15)              Sewer (visited)
 Temple: D:4-7

Altars:

Annotations:
D:7 2 runed translucent doors, Beryl's ghost, novice DsNe; Prince Ribbit


Innate Abilities, Weirdness & Mutations

You can breathe blasts of fire.
Your fiery red scales are hard. (AC +6)
You cannot fit into any form of body armour.
Your flesh is heat resistant. (rF+)
You are cold-blooded and may be slowed by cold attacks.


Message History

The iguana hisses angrily.
The iguana hisses menacingly.
Aiming: Breathe Fire (4% risk of failure)
Press: ? - help, Shift-Dir - straight line, f - iguana
Aim: an iguana (72% to hit)
You breathe a blast of fire.
The fiery breath hits the iguana!
The iguana is heavily wounded.
The iguana bites you.
Unknown command.
You barely miss the iguana.
You tail-slap the iguana, but do no damage.
The iguana is moderately wounded.
The iguana bites you.
Casting: Ensorcelled Hibernation (safe; 6% risk of failure)
Confirm with . or Enter, or press ? or * to list all spells.
Aiming: Ensorcelled Hibernation (safe; 6% risk of failure)
Press: ? - help, Shift-Dir - straight line, f/p - iguana
Aim: an iguana (moderately wounded, chance to affect: 56%)
The iguana resists with significant effort.
The iguana barely misses you.
The wight hits you from afar with a +2 spear of freezing!
You feel drained. The wight freezes you.
Casting: Ensorcelled Hibernation (safe; 6% risk of failure)
Confirm with . or Enter, or press ? or * to list all spells.
Aiming: Ensorcelled Hibernation (safe; 6% risk of failure)
Press: ? - help, Shift-Dir - straight line, f/p - iguana
Aim: an iguana (moderately wounded, chance to affect: 56%)
The iguana resists with significant effort.
The iguana bites you!
The wight hits you from afar with a +2 spear of freezing.
* * * LOW HITPOINT WARNING * * *
You feel yourself slow down. The wight freezes you.
* * * LOW HITPOINT WARNING * * *
A white imp comes into view.
It was a potion of haste.
You feel yourself speed up.
You feel yourself speed up. The iguana bites you!
* * * LOW HITPOINT WARNING * * *
The wight hits you from afar with a +2 spear of freezing!
You die...

≈8.#.....# #.
#≈.#.....# #.
.~###....# #.
.#######.....+
#............#
#............#
#.
#.........####
## #.........#
#......@..#
#######l#z...5.
#○......#
#######.. .


You could see an iguana, a wight and a white imp (wandering).

Vanquished Creatures
  Joseph (D:7)
  A wyvern (D:7)
  A water moccasin (D:4)
  An ice beast (D:6)
  2 ogres (D:6)
  3 kobold brigands (Sewer)
  A bullfrog (D:6)
  A jelly (D:6)
  Terence (D:2)
  5 gnolls
  6 adders
  2 river rats (Sewer)
  A shadow imp (D:6)
  A worm (D:3)
  2 orcs
  7 ball pythons
  A bat (D:2)
  6 endoplasms
  2 giant cockroaches (D:4)
  2 goblins
  4 hobgoblins
  5 quokkas
  3 frilled lizards
  17 kobolds
  26 rats
102 creatures vanquished.

Vanquished Creatures (collateral kills)
  A gnoll (D:4)
1 creature vanquished.

Vanquished Creatures (others)
  4 dancing weapons (Sewer)
4 creatures vanquished.

Grand Total: 107 creatures vanquished

Notes
Turn   | Place    | Note
-------+----------+-------------------------------------------
     0 | D:1      | Greenlander the Draconian Enchanter began the quest for the
                  | Orb.
     0 | D:1      | Reached XP level 1. HP: 14/14 MP: 3/3
   274 | D:1      | Reached XP level 2. HP: 11/20 MP: 5/5
   280 | D:1      | Learned a level 2 spell: Ensorcelled Hibernation
   378 | D:2      | Reached skill level 3 in Stealth
   653 | D:2      | Noticed Terence
   668 | D:2      | Killed Terence
   669 | D:2      | Reached XP level 3. HP: 12/27 MP: 1/6
   738 | D:2      | Learned a level 3 spell: Tukima's Dance
   956 | D:3      | Reached skill level 1 in Fighting
  1031 | D:3      | Reached XP level 4. HP: 20/35 MP: 1/7
  1086 | D:4      | Noticed a water moccasin
  1089 | D:4      | Killed a water moccasin
  1090 | D:4      | Reached skill level 1 in Ice Magic
  1090 | D:4      | Reached skill level 1 in Evocations
  1090 | D:4      | Reached XP level 5. HP: 23/40 MP: 8/8
  1198 | D:4      | Found a glowing drain.
  1226 | Sewer    | Entered a sewer
  1460 | Sewer    | Reached skill level 4 in Stealth
  1460 | Sewer    | Reached XP level 6. HP: 36/48 MP: 4/10
  1793 | Sewer    | Learned a level 3 spell: Vampiric Draining
  2395 | D:5      | Entered Level 5 of the Dungeon
  2439 | D:6      | Your scales start taking on a fiery red colour.
  2439 | D:6      | Reached XP level 7. HP: 54/55 MP: 0/11
  2439 | D:6      | Gained mutation: Your flesh is heat resistant. (rF+) [Red
                  | Draconian growth]
  2467 | D:6      | Reached skill level 1 in Necromancy
  2604 | D:7      | Noticed Prince Ribbit
  2769 | D:7      | Noticed a wyvern
  2774 | D:7      | Killed a wyvern
  2775 | D:7      | Reached XP level 8. HP: 59/62 MP: 13/13
  2782 | D:7      | Noticed Joseph
  2790 | D:7      | Killed Joseph
  2791 | D:7      | Reached skill level 5 in Stealth
  2827 | D:7      | Found a large runed translucent door.
  2828 | D:7      | Found a large runed translucent door.
  2838 | D:7      | Noticed Beryl's ghost (novice DsNe)
  2851 | D:7      | Slain by a wight

Illustrated notes

Levels and vault maps discovered:
D:1:      moated_graveyard_arrival, layout_basic
D:2:      layout_basic, hellmonk_ecumenical_altar_lost_god, uniq_terence
D:3:      layout_basic, mainiacjoe_overflow_alcove_1, nicolae_uskayaw_en_pointe,
          serial_shops, shop, minmay_quantized
D:4:      layout_cave_pods, overflow_temple_1_default, portal_sewer_entry_f,
          pf_guarded_unrand_woodcutter
D:5:      layout_cave_pools, minmay_temple_entry_large_hall
D:6:      layout_loops_ring, serial_shops, nicolae_shop_crystal
D:7:      layout_basic, ebering_ghost_disaster_area, kennysheep_generic_room_7,
          uniq_joseph, uniq_prince_ribbit1

Skill      XL: |  1  2  3  4  5  6  7  8 |
---------------+-------------------------+-----
Stealth        | 3 4 5 |  5.1
Hexes          | 3 4 |  4.4
Dodging        | 2 3 |  3.2
Fighting       | 1 2 3 |  3.1
Ice Magic      | 1 2 |  2.1
Evocations     | 1 2 |  2.6
Short Blades   | 2 3 |  3.4
Spellcasting   | 3 4 |  4.0
Necromancy     | 1 2 |  2.0

Action                   |  1- 3 |  4- 6 |  7- 9 || total
-------------------------+-------+-------+-------++-------
Melee: Dagger            |    21 |    91 |    20 ||   132
       Tailslap          |     5 |     9 |     5 ||    19
       Short sword       |    25 |    42 |       ||    67
       Punch             |       |     1 |       ||     1
 Cast: Ensorcelled Hiber |    13 |    26 |     4 ||    43
       Tukima's Dance    |       |    10 |     1 ||    11
 Abil: Breathe Fire      |       |       |     7 ||     7
Evoke: Wand              |     2 |     3 |       ||     5
  Use: Potion            |     1 |     1 |     1 ||     3
       Scroll            |     1 |     1 |       ||     2
 Stab: Sleeping          |     7 |    18 |     5 ||    30
Armor: Skin              |     8 |    65 |     1 ||    74
Dodge: Dodged            |    35 |   128 |    14 ||   177
